 Dungeon Crawl Stone Soup version 0.18.1-6-gd335043 (webtiles) character file.

2396 stauk the Fighter (level 9, 0/61 HPs)
             Began as a Kobold Berserker on May 18, 2016.
             Was a Priest of Trog.
             Succumbed to a killer bee's poison
             ... on level 6 of the Dungeon.
             The game lasted 01:01:17 (8159 turns).

stauk the Fighter (Kobold Berserker)                Turns: 8159, Time: 01:01:18

Health: 0/61       AC: 12    Str: 15    XL:     9   Next: 74%
Magic:  9/9        EV: 10    Int: 10    God:    Trog [***...]
Gold:   369        SH:  0    Dex: 19    Spells: 0 memorised, 8 levels left

rFire  + . .     SeeInvis .     o - +0 rapier
rCold  . . .     Gourm    .     H - +0 plate armour
rNeg   . . .     Faith    .     (shield restricted)
rPois  .         Spirit   .     (no helmet)
rElec  .         Dismiss  .     (no cloak)
rCorr  .         Reflect  .     (no gloves)
SustAt .         Harm     .     (no boots)
MR     ++...                    (no amulet)
Stlth  ..........               w - ring of stealth
                                d - ring of protection from fire

@: brilliant, lethally poisoned (0 -> -1), exhausted, very slightly
contaminated, regenerating, hasted and slowed, very resistant to hostile
enchantments, extremely unstealthy
A: carnivore 3
a: Berserk, Trog's Hand, Burn Spellbooks, Renounce Religion


You were on level 6 of the Dungeon.
You worshipped Trog.
Trog was most pleased with you.
You were very full.

You visited 2 branches of the dungeon, and saw 7 of its levels.

You collected 369 gold pieces.

Inventory:

Hand Weapons
 o - a +0 rapier (weapon)
 s - a +0 shortbow
 x - a +0 blowgun
 E - a +0 hunting sling
 S - a +1 flail of crushing
 V - the cursed +1 spear of Beogh {freeze, +Fly rElec, unknown}
   (You found it on level 5 of the Dungeon)

   It has been specially enchanted to freeze those struck by it, causing extra
   injury to most foes and up to half again as much damage against particularly
   susceptible opponents.
   It can also slow down cold-blooded creatures.
   It insulates you from electricity.
   It lets you fly.
   It has a curse placed upon it.
 Y - a +3 vampiric war axe
 Z - a +2 whip of flaming
Missiles
 a - 3 needles of paralysis
 h - 64 stones (quivered)
 v - 28 arrows
 y - 13 poisoned needles
 K - 3 tomahawks
 O - 2 throwing nets
 R - 47 sling bullets
 W - 20 bolts
Armour
 b - a +0 animal skin
 n - a +0 chain mail
 u - a +0 ring mail
 F - a +0 scale mail
 G - a +0 leather armour
 H - a +0 plate armour (worn)
 U - the +4 ring mail of the Iron City of Dis {*Contam rElec rCorr MP+9}
   (You found it on level 5 of the Dungeon)

   It insulates you from electricity.
   It affects your magic capacity (+9).
   It causes magical contamination when unequipped.
   It protects you from acid and corrosion.
Jewellery
 d - a ring of protection from fire (left hand)
 w - a ring of stealth (right hand)
 B - a +4 ring of intelligence
 T - an uncursed ring of protection from fire
Scrolls
 e - 2 scrolls of teleportation
 f - a scroll of recharging {unknown}
 k - 2 scrolls of identify
 p - a scroll of magic mapping {unknown}
 t - a scroll of fog {unknown}
 A - 3 scrolls of remove curse
 N - a scroll of immolation {unknown}
Potions
 m - a potion of invisibility {unknown}
 r - a potion of degeneration {unknown}
 z - a potion of might {unknown}
 C - a potion of flight {unknown}
 L - 2 potions of berserk rage {unknown}
 M - a potion of agility {unknown}
 Q - a potion of cancellation {unknown}
Comestibles
 c - a meat ration
 g - 7 fruits
 l - 3 bread rations


   Skills:
 * Level 9.4 Fighting
 + Level 8.1 Short Blades
 + Level 4.8 Armour
 + Level 7.0 Dodging


You had 8 spell levels left.
You didn't know any spells.

Dungeon Overview and Level Annotations

Branches:
Dungeon (6/15)             Temple (1/1) D:5

Altars:
Ashenzari
Cheibriados
Dithmenos
Elyvilon
Gozag
Kikubaaqudgha
Makhleb
Okawaru
Pakellas
Qazlal
Ru
Sif Muna
Trog
Vehumet
Xom
Zin
The Shining One


Innate Abilities, Weirdness & Mutations

You are small and have problems with some larger weapons.
You are carnivorous and can eat meat at any time.


Message History

The killer bee stings you but does no damage.
You feel sick. The killer bee misses you.
It was a potion of brilliance.
You feel clever all of a sudden.
You feel sick. The killer bee barely misses you. The killer bee stings you.
* * * LOW HITPOINT WARNING * * *
You are lethally poisoned!
The killer bee poisons you!
Your surroundings suddenly seem different.
* * * LOW HITPOINT WARNING * * *
You feel sick.
An adder comes into view.
* * * LOW HITPOINT WARNING * * *
You feel sick.
* * * LOW HITPOINT WARNING * * *
You feel sick.
Your skin crawls.
You feel resistant to hostile enchantments.
You feel slightly less full.
You die...

#################################
................@................
##.##############################
#.# #.# #.# #.# #.# #.# #.#


There were no monsters in sight!

Vanquished Creatures
  Pikel (D:6)
  A hippogriff (D:5)
  Edmund (D:4)
  2 phantoms
  An ice beast (D:5)
  A slave (D:6)
  An ogre (D:5)
  A centaur (D:6)
  A giant frog (D:6)
  A scorpion (D:4)
  4 killer bees (D:6)
  2 howler monkeys
  A giant frog zombie (D:5)
  A crimson imp (D:5)
  A gnoll shaman (D:6)
  An orc priest (D:4)
  2 hounds (D:4)
  2 jellies (D:5)
  A centaur skeleton (D:6)
  A giant frog skeleton (D:6)
  Terence (D:2)
  3 iguanas
  9 worker ants
  A hound skeleton (D:4)
  A worker ant zombie (D:6)
  4 gnolls (D:6)
  11 adders
  2 shadow imps (D:5)
  2 oozes (D:3)
  2 worms
  2 dart slugs (D:1)
  3 giant geckos
  15 orcs
  2 ball pythons
  6 giant cockroaches
  9 goblins
  9 hobgoblins
  3 jackals (D:1)
  8 kobolds
  4 quokkas
  3 bats
  3 giant newts
  4 rats
134 creatures vanquished.

Vanquished Creatures (others)
  A quokka (D:6)
1 creature vanquished.

Grand Total: 135 creatures vanquished

Notes
Turn   | Place    | Note
--------------------------------------------------------------
     0 | D:1      | stauk the Kobold Berserker began the quest for the Orb.
     0 | D:1      | Reached XP level 1. HP: 14/14 MP: 1/1
   278 | D:1      | Reached XP level 2. HP: 19/19 MP: 2/2
   703 | D:1      | Reached XP level 3. HP: 23/24 MP: 3/3
   808 | D:1      | You fall through a shaft!
   998 | D:2      | Found a glowing golden altar of the Shining One.
  1075 | D:2      | Reached skill level 4 in Fighting
  1278 | D:2      | Reached XP level 4. HP: 29/29 MP: 4/4
  1369 | D:2      | Noticed Terence
  1377 | D:2      | Killed Terence
  1389 | D:2      | Reached ** piety under Trog
  1468 | D:2      | Found a sacrificial altar of Ru.
  1958 | D:3      | Reached XP level 5. HP: 16/34 MP: 5/5
  2351 | D:3      | Found a sacrificial altar of Ru.
  2591 | D:3      | Found a deep blue altar of Sif Muna.
  2713 | D:3      | Reached skill level 5 in Short Blades
  3236 | D:4      | Reached skill level 5 in Fighting
  3236 | D:4      | Reached XP level 6. HP: 39/40 MP: 6/6
  3239 | D:4      | Reached *** piety under Trog
  4202 | D:4      | Reached XP level 7. HP: 44/44 MP: 7/7
  4429 | D:4      | Found a shattered altar of Ashenzari.
  4599 | D:5      | Entered Level 5 of the Dungeon
  4679 | D:5      | Noticed Edmund
  4709 | D:4      | Reached skill level 6 in Fighting
  4882 | D:4      | Killed Edmund
  4885 | D:4      | Reached skill level 5 in Dodging
  4968 | D:4      | Reached XP level 8. HP: 31/52 MP: 8/8
  5483 | D:5      | Reached skill level 7 in Fighting
  5560 | D:5      | Found a staircase to the Ecumenical Temple.
  6063 | D:5      | Found a radiant altar of Vehumet.
  6065 | D:5      | Found an iron altar of Okawaru.
  6107 | D:5      | Got a steaming spear
  6386 | D:5      | Got a fine ring mail
  6955 | Temple   | Entered the Ecumenical Temple
  7003 | Temple   | Identified the +4 ring mail of the Iron City of Dis {*Contam rElec rCorr MP+9} (You found it on level 5 of the Dungeon)
  7102 | D:6      | Found a white marble altar of Elyvilon.
  7148 | D:6      | Reached skill level 8 in Fighting
  7218 | D:6      | Reached XP level 9. HP: 48/59 MP: 9/9
  7318 | D:6      | Noticed Pikel
  7334 | D:6      | Killed Pikel
  7439 | D:6      | Received a gift from Trog
  7446 | D:6      | Reached skill level 9 in Fighting
  8113 | D:6      | Found a shimmering altar of Xom.
  8155 | D:6      | HP: 3/61 [killer bee (4)]
  8158 | D:6      | HP: 1/61 [poisoned by a killer bee]
  8159 | D:6      | Succumbed to a killer bee's poison

Skill      XL: |  1  2  3  4  5  6  7  8  9 |
---------------+----------------------------+-----
Fighting       | 4 5 6 8 9 |  9.4
Dodging        | 3 4 5 6 7 |  7.0
Armour         | 2 3 4 |  4.8
Short Blades   | 5 6 7 8 |  8.1

Action                   |  1- 3 |  4- 6 |  7- 9 || total
-------------------------+-------+-------+-------++-------
Melee: Short sword       |   135 |    52 |       ||   187
       Rapier            |       |   218 |   422 ||   640
Invok: Berserk           |     3 |     9 |    14 ||    26
       Trog's Hand       |       |     1 |     5 ||     6
       Burn Spellbooks   |       |       |     1 ||     1
  Use: Scroll            |       |     1 |     3 ||     4
       Potion            |       |       |     2 ||     2
  Eat: Chunk             |    11 |    18 |    29 ||    58
Armor: Animal skin       |    10 |       |       ||    10
       Chain mail        |    26 |    78 |       ||   104
       Plate armour      |       |    55 |   197 ||   252
Dodge: Dodged            |    94 |   113 |   184 ||   391
